 Dungeon Crawl Stone Soup version 0.21-a0-513-gdcb3f5e (webtiles) character file.

45 Firecrotchwizard the Shield-Bearer (level 3, -5/20 HPs)
             Began as a Vine Stalker Fighter on Dec 1, 2017.
             Killed by nerve-wracking pain
             ... invoked by Jessica
              (13 damage)
             ... on level 3 of the Dungeon.
             The game lasted 00:02:14 (1713 turns).

Firecrotchwizard the Shield-Bearer (VSFi)           Turns: 1713, Time: 00:02:15

Health: -5/20      AC: 10    Str: 18    XL:     3   Next: 64%
Magic:  0/4        EV:  4    Int:  8    God:
Gold:   115        SH:  9    Dex: 14    Spells: 2/2 levels left

rFire    . . .     SeeInvis .   u - +0 dagger
rCold    . . .     Gourm    .   c - +0 shield
rNeg     . . .     Faith    .   n - +0 chain mail
rPois    .         Spirit   +   (no helmet)
rElec    .         Reflect  .   m - +0 cloak
rCorr    .         Harm     .   (no gloves)
MR       .....                  (no boots)
Stlth    ..........             (no amulet)
HPRegen  0.06/turn              (no ring)
MPRegen  0.09/turn              (no ring)

@: no status effects
A: fangs 2, magic shield, antimagic bite, no potion heal 3, rot immunity
a: no special abilities


You were on level 3 of the Dungeon.
You were not hungry.

You visited 1 branch of the dungeon, and saw 3 of its levels.

You collected 115 gold pieces.

Inventory:

Hand Weapons
 a - a +0 rapier
 u - a +0 dagger (weapon)
   (You found it on level 2 of the Dungeon)
Armour
 b - a +0 scale mail
 c - a +0 shield (worn)
 m - a +0 cloak (worn)
   (You found it on level 1 of the Dungeon)
 n - a +0 chain mail (worn)
   (You found it on level 1 of the Dungeon)
Scrolls
 i - a scroll of fear {unknown}
 j - a scroll of remove curse {unknown}
 k - 6 scrolls of identify {unknown}
 q - a scroll of random uselessness {unknown}
 r - a scroll of noise {unknown}
 s - a scroll of teleportation {unknown}
 t - 2 scrolls of enchant armour {unknown}
Potions
 d - 3 potions of might
 e - a potion of agility {unknown}
 l - a potion of degeneration {unknown}
 o - a potion of brilliance {unknown}
Comestibles
 f - a bread ration {@e1}
 g - a chunk of flesh {@w0}
 h - 3 fruits
 p - 2 royal jellies


   Skills:
 + Level 3.0 Fighting
 * Level 2.6 Short Blades
 + Level 2.7 Armour
 + Level 3.0 Shields


You had 2 spell levels left.
You didn't know any spells.

Dungeon Overview and Level Annotations

Branches:
Dungeon (3/15)

Altars:
Makhleb
Zin

Annotations:
D:3 Jessica


Innate Abilities, Weirdness & Mutations

You have extremely sharp teeth.
When hurt, damage is shared between your health and your magic reserves.
Your bite disrupts and absorbs the magic of your enemies.
Potions cannot restore your health.
You are immune to rotting.


Message History

You see here a frilled lizard skeleton. x2
t - 2 scrolls labeled ARAENY MONOS
Found a stone staircase leading down.
You now have 113 gold pieces (gained 9).
Found a burning altar of Makhleb.
The balrug shouts!
The angel shouts!
Found a glowing silver altar of Zin.
No reachable target in view!
You now have 115 gold pieces (gained 2).
Some of the chunks of flesh in your inventory have rotted away.
You open the door.
There is an open door here.
A bat comes into view.
You block the bat's attack.
You hit the bat but do no damage. The bat hits you.
You take 1 damage, and have 19/20 hp.
You closely miss the bat. Your bite misses the bat. You block the bat's attack.
No target in view!
Search for what [? for help]? dag The bat barely misses you.
The bat is too close now for your liking.
There are no items here.
The bat hits you but does no damage. The bat hits you but does no damage.
Health restored: 20 You puncture the bat!
You kill the bat!
No reachable target in view!
No reachable target in view!
You see here a dagger.
u - a dagger
There is an open door here.
u - a +0 dagger (weapon)
p - 2 royal jellies (gained 1)
There is a stone staircase leading up here.
All of the chunks of flesh in your inventory have rotted away.
Done exploring.
Done exploring.
(D) Dungeon
Where to? (Enter - D:2 @ (x,y), ? - help)
There is a stone staircase leading down here.
You climb downwards.
A worm comes into view.
There is a stone staircase leading up here.
A worm is nearby!
You hit the worm. You bite the worm. You drain its power. You hit the worm.
You bite the worm. You drain its power. You block the worm's attack.
You hit the worm. You hit the worm. Your bite misses the worm.
You block the worm's attack.
Your chain mail prevents you from hitting the worm.
You hit the worm.
You kill the worm!
You butcher the worm corpse.
g - 2 chunks of flesh {@w0}
Found a stone staircase leading down.
There is a stone staircase leading down here.
There is a stone staircase leading down here.
Eating one of 2 chunks of flesh {@w0}.
You eat one of the 2 chunks of flesh {@w0}.
Jessica the Apprentice Sorceress comes into view.
Jessica shouts!
Jessica barely misses you.
You hit Jessica. Your bite misses Jessica. You hit Jessica but do no damage.
You bite Jessica, but do no damage. You block Jessica's attack.
You closely miss Jessica. You block Jessica's attack.
You hit Jessica. You bite Jessica, but do no damage.
Jessica mumbles some strange words.
Jessica blinks!
No target in view!
A kobold comes into view.
The kobold shouts!
You closely miss the kobold. You bite the kobold. You drain its power.
Jessica points at you and mumbles some strange words.
Pain shoots through your body! The kobold barely misses you.
You take 1 damage, and have 19/20 hp.
You now have 3/4 mp.
Your chain mail prevents you from hitting the kobold.
Your bite misses the kobold.
Jessica casts a spell.
Jessica blinks!
You hit the kobold but do no damage. Your bite misses the kobold.
You block the kobold's attack.
Jessica points at you and mumbles some strange words.
Pain shoots through your body!
Ouch! That really hurt!
You take 11 damage, and have 8/20 hp.
MASSIVE DAMAGE!!
You now have 1/4 mp.
Jessica hits you but does no damage.
You hit Jessica but do no damage. You bite Jessica, but do no damage.
The kobold hits you but does no damage.
Jessica gestures wildly while chanting.
Jessica blinks!
The kobold hits you.
Jessica points at you and mumbles some strange words.
Pain shoots through your body!
Ouch! That really hurt!
You die...

###############
#.<...........#
#################.#
................#.#
.######.#######.#.#
.##.....@.....#.#.#
.........####.#.#.#
###.###..# #.#.#.#
####.###@ยง####.#.#.#
.......K........>..#
####.#.##..####.####
#. ##.# #.# #. .# #.#
#. .# #.# #. .. #.#
#. . #.# #. #.#


You could see Jessica and a kobold.

Vanquished Creatures
  An ooze (D:1)
  3 worms
  A ball python (D:1)
  2 giant cockroaches
  4 goblins
  3 hobgoblins
  2 jackals (D:1)
  4 kobolds
  7 bats
  A frilled lizard (D:2)
  2 rats (D:1)
30 creatures vanquished.

Notes
Turn   | Place    | Note
-------+----------+-------------------------------------------
     0 | D:1      | Firecrotchwizard the Vine Stalker Fighter began the quest for the Orb.
     0 | D:1      | Reached XP level 1. HP: 11/11 MP: 2/2
    46 | D:1      | Reached skill level 2 in Short Blades
   246 | D:1      | Reached XP level 2. HP: 15/16 MP: 3/3
   702 | D:1      | Reached XP level 3. HP: 19/19 MP: 4/4
  1202 | D:2      | Reached skill level 3 in Fighting
  1202 | D:2      | Reached skill level 3 in Shields
  1425 | D:2      | Found a burning altar of Makhleb.
  1426 | D:2      | Noticed a balrug
  1428 | D:2      | Found a glowing silver altar of Zin.
  1428 | D:2      | Noticed an angel
  1699 | D:3      | Noticed Jessica
  1713 | D:3      | Killed from afar by Jessica

Vault maps used:
D:1:      dpeg_arrival_simpleton_b
D:2:      grunt_temple_overflow_order_and_chaos_2, hangedman_decor_points
D:3:      old_standard_altar, overflow_temple_1_default, uniq_ijyb,
          uniq_terence, uniq_sigmund, uniq_jessica

Skill      XL: |  1  2  3 |
---------------+----------+-----
Short Blades   | 2 |  2.6
Fighting       | 3 |  3.0
Shields        | 3 |  3.0
Armour         | |  2.7

Action                   || total
-------------------------++-------
Melee: Rapier            ||    88
       Bite              ||    26
       Dagger            ||    14
  Eat: Chunk             ||     3
Armor: Scale mail        ||    21
       Chain mail        ||    28
Dodge: Dodged            ||    25
Block: Shield            ||    54

Table legend:
 A = Spawn XP
 B = Non-spawn XP
 C = Spawn XP percentage of total XP
 D = Spawn monster count
 E = Non-spawn monster count
 F = Spawn count percentage of total count
 G = Total turns spent on level
                    A         B        C        D         E        F      G
               +---------+---------+-------+---------+---------+-------+---------
         Total |       0 |      65 |   0.0 |       0 |      30 |   0.0 |  1713
               +---------+---------+-------+---------+---------+-------+---------
           D:1 |       0 |      37 |   0.0 |       0 |      19 |   0.0 |   879
           D:2 |       0 |      23 |   0.0 |       0 |      10 |   0.0 |   777
           D:3 |       0 |       5 |   0.0 |       0 |       1 |   0.0 |    57
               +---------+---------+-------+---------+---------+-------+---------

Vault maps used:
D:1:      dpeg_arrival_simpleton_b
D:2:      grunt_temple_overflow_order_and_chaos_2, hangedman_decor_points
D:3:      old_standard_altar, overflow_temple_1_default, uniq_ijyb,
          uniq_terence, uniq_sigmund, uniq_jessica

Table legend:
 A = Turns spent in this place as a percentage of turns spent in the entire game.
 B = Non-inter-level travel turns spent in this place as a percentage of non-inter-level travel turns spent in the entire game.
 C = Inter-level travel turns spent in this place as a percentage of turns spent in this place.
 D = Turns resting spent in this place as a percentage of non-inter-level travel turns spent in this place.
 E = Turns spent auto-exploring this place as a percentage of non-inter-level travel turns spent in this place.
 F = Non-inter-level travel turns spent in this place divided by the number of levels of this place that you've seen.
                   A       B       C       D       E      F
               +-------+-------+-------+-------+-------+----------------------
         Total | 100.0 | 100.0 |   1.5 |  17.9 |  68.2 | 562.7
       Dungeon | 100.0 | 100.0 |   1.5 |  17.9 |  68.2 | 562.7
               +-------+-------+-------+-------+-------+----------------------

Table legend:
 A = Kills in this place as a percentage of kills in entire the game.
 B = Kills by you in this place as a percentage of kills by you in the entire game.
 C = Kills by friends in this place as a percentage of kills by friends in the entire game.
 D = Other kills in this place as a percentage of other kills in the entire game.
 E = Experience gained in this place as a percentage of experience gained in the entire game.
 F = Experience gained in this place divided by the number of levels of this place that you have seen.
                   A       B       C       D       E      F
               +-------+-------+-------+-------+-------+----------------------
         Total | 100.0 | 100.0 |   N/A |   N/A | 100.0 |  21.7
       Dungeon | 100.0 | 100.0 |   N/A |   N/A | 100.0 |  21.7
               +-------+-------+-------+-------+-------+----------------------
